Map: Simulacrum LE

Players

DPGPartinG (PartinG)

  • Race: Protoss Protoss
  • League: Master
  • Spawn Location: 11:00

Ragnarok (SHIN) - Winner!

  • Race: Zerg Zerg
  • League: Master
  • Spawn Location: 5:00

VOD

Have the link to the VOD?

Description

Time

  • Played on: Jan. 9, 2020, 4:24 a.m.
  • Length: 14:32
Show
View Real Time Build Order
Export as new Build Order

DPGPartinG Protoss 

Build Orders: Oracle Opening, Zealot Archon 

Get SALT Encoding   

  12  0:00  Probe  
  13  0:12  Probe  
  14  0:17  Pylon  
  14  0:25  Probe (Chrono Boost)  
  16  0:36  Gateway  
  16  0:37  Probe (Chrono Boost)  
  16  0:42  Probe (Chrono Boost)  
  16  0:45  Assimilator  
  17  0:51  Probe  
  18  0:58  Forge  
  18  1:03  Probe  
  19  1:22  Cybernetics Core  
  19  1:28  Pylon  
  19  1:38  Probe  
  20  1:43  Pylon x2  
  20  1:48  Photon Cannon  
  20  1:55  Pylon  
  20  2:01  Pylon  
  20  2:04  Pylon  
  20  2:22  Probe  
  21  2:25  Stargate  
  21  2:33  Assimilator  
  21  2:34  Probe, Photon Cannon  
  22  2:38  Photon Cannon  
  22  2:45  Stalker (Chrono Boost)  
  22  2:46  Probe  
  25  2:55  Pylon  
  25  2:59  Probe  
  26  3:12  Oracle (Chrono Boost)  
  29  3:35  Nexus  
  29  3:42  Pylon  
  29  3:52  Photon Cannon  
  29  3:54  Probe  
  30  4:04  Oracle (Chrono Boost)  
  33  4:10  Probe  
  33  4:15  Warp Gate  
  34  4:22  Probe  
  35  4:33  Gateway  
  35  4:34  Probe  
  35  4:36  Gateway  
  36  4:47  Protoss Ground Weapons Level 1 (Chrono Boost)  
  36  4:50  Probe (Chrono Boost)  
  36  4:51  Probe (Chrono Boost)  
  40  5:00  Probe (Chrono Boost)  
  40  5:02  Probe (Chrono Boost)  
  40  5:05  Probe (Chrono Boost)  
  40  5:10  Probe  
  42  5:16  Twilight Council  
  42  5:17  Probe  
  42  5:18  Pylon  
  43  5:22  Probe  
  43  5:27  Pylon  
  44  5:29  Probe  
  44  5:35  Probe  
  46  5:40  Robotics Facility  
  46  5:41  Probe  
  47  5:43  Assimilator  
  47  5:46  Assimilator  
  47  5:47  Probe  
  48  5:53  Charge  
  48  5:54  Probe  
  49  5:59  Probe  
  49  6:02  Zealot x3  
  56  6:08  Probe, Templar Archives  
  56  6:11  Probe  
  58  6:26  Nexus  
  58  6:27  Pylon  
  58  6:28  Probe  
  58  6:29  Probe  
  58  6:31  Observer  
  61  6:37  Sentry x3  
  61  6:38  Protoss Ground Weapons Level 2 (Chrono Boost)  
  67  6:41  Pylon  
  67  6:42  Probe x2  
  69  6:53  Photon Cannon  
  69  6:54  Gateway  
  69  6:57  Probe  
  69  6:58  Probe  
  71  7:02  Gateway  
  71  7:11  Gateway  
  71  7:13  High Templar x2  
  71  7:14  Zealot  
  77  7:17  Archon  
  77  7:20  Probe x2  
  79  7:23  Warp Prism (Chrono Boost)  
  81  7:30  Gateway  
  81  7:34  Gateway  
  81  7:36  Observer  
  81  7:37  Probe x2  
  81  7:43  Probe  
  84  7:44  High Templar  
  84  7:45  High Templar, Zealot  
  84  7:49  Archon  
  90  7:53  Probe x2  
  90  7:55  Probe  
  93  7:59  Stalker  
  95  8:06  Probe  
  95  8:07  Probe  
  95  8:08  Assimilator x2  
  95  8:09  Probe, Robotics Facility  
  98  8:20  Pylon  
  98  8:22  Pylon  
  98  8:33  Pylon  
  98  8:34  Pylon  
  98  8:37  Probe x3  
  98  8:38  Immortal  
  105  8:50  Probe x2  
  105  8:53  Stalker x6  
  118  8:57  Stalker  
  118  9:02  Pylon  
  113  9:03  Stalker  
  113  9:09  Phoenix (Chrono Boost)  
  100  9:17  Probe x2  
  100  9:25  Psionic Storm  
  100  9:30  Stalker  
  100  9:31  Stalker x4  
  107  9:37  Probe x2 (Chrono Boost)  
  110  9:48  Probe x2 (Chrono Boost)  
  110  9:49  Probe (Chrono Boost)  
  110  9:52  High Templar x2  
  116  10:03  High Templar x2  
  116  10:06  Pylon  
  120  10:07  Pylon  
  120  10:08  Photon Cannon  
  120  10:09  Observer  
  120  10:10  Photon Cannon  
  120  10:11  Probe  
  120  10:13  Immortal (Chrono Boost)  
  125  10:21  High Templar  
  125  10:26  Probe  
  128  10:29  Pylon  
  128  10:31  Immortal (Chrono Boost)  
  132  10:38  Probe x2  
  132  10:39  Probe  
  135  10:46  Pylon, Immortal (Chrono Boost)  
  135  10:48  High Templar  
  141  10:59  Nexus  
  141  11:02  Photon Cannon x2  
  141  11:05  High Templar x2  
  141  11:08  Observer  
  141  11:10  Immortal  
  140  11:31  Zealot x6  
  152  11:41  High Templar  
  152  11:42  High Templar  
  152  11:45  Pylon x2  
  154  11:47  Pylon x2  
  154  11:48  Pylon  
  154  11:59  Pylon  
  154  12:00  Pylon  
  148  12:08  High Templar x3, Pylon  
  148  12:09  High Templar, Zealot x2  
  148  12:12  Nexus  
  154  12:18  Archon  
  154  12:20  Archon  
  154  12:22  Archon  
  152  12:23  High Templar  
  152  12:24  High Templar  
  145  12:37  High Templar  
  145  12:38  Zealot  
  148  12:45  High Templar  
  148  12:46  Zealot x3  
  155  12:59  Gateway  
  155  13:01  Gateway  
  153  13:07  High Templar x2, Zealot x3  
  153  13:08  Zealot  
  153  13:10  Zealot  
  153  13:12  Archon  
  167  13:23  Zealot  
  167  13:28  High Templar x2  
  167  13:29  Zealot x2  
  167  13:32  Archon  
  175  13:38  Zealot  
  175  13:39  Zealot x2  
  181  13:56  Archon  
  181  13:57  Archon x2  
  151  14:09  Stalker  
  131  14:10  Stalker x9  
Show
View Real Time Build Order
Export as new Build Order

Ragnarok Zerg - Winner!

Build Orders: Hatch First, Brood Lord Corruptor, Muta Ling Bane 

Get SALT Encoding   

  12  0:00  Drone  
  13  0:08  Drone  
  14  0:16  Overlord  
  14  0:34  Drone  
  14  0:35  Drone  
  16  0:47  Hatchery  
  15  0:51  Drone  
  15  0:55  Drone  
  17  0:58  Drone  
  18  1:08  Extractor  
  17  1:13  Spawning Pool  
  17  1:16  Drone  
  17  1:20  Drone  
  18  1:29  Drone  
  19  2:00  Zergling x6, Queen  
  24  2:02  Zergling x2  
  25  2:11  Zergling x2  
  25  2:14  Zergling x2  
  27  2:22  Zergling x2  
  25  2:32  Zergling x2  
  25  2:34  Zergling x2  
  27  2:39  Zergling x2  
  27  2:43  Zergling x2  
  27  2:53  Queen  
  28  2:58  Overlord  
  28  3:05  Drone  
  27  3:09  Drone  
  27  3:12  Overlord  
  27  3:13  Drone  
  27  3:17  Drone  
  29  3:24  Drone  
  29  3:26  Queen  
  32  3:31  Drone  
  33  3:36  Drone  
  33  3:37  Drone  
  35  3:45  Spore Crawler  
  34  3:49  Drone  
  34  3:50  Drone  
  34  3:53  Metabolic Boost  
  36  4:08  Drone  
  36  4:10  Spore Crawler  
  36  4:12  Overlord  
  35  4:19  Drone  
  35  4:21  Overlord  
  36  4:29  Hatchery, Drone  
  36  4:30  Queen, Drone  
  39  4:31  Drone  
  39  4:34  Drone  
  39  4:38  Drone x2  
  43  4:43  Drone  
  43  4:44  Drone  
  44  4:49  Drone x4  
  47  4:53  Zergling x2  
  47  4:54  Zergling x2  
  47  4:58  Overlord  
  47  4:59  Zergling x2  
  50  5:03  Zergling x4  
  51  5:15  Queen, Roach Warren  
  51  5:16  Overlord  
  51  5:20  Extractor x2  
  50  5:24  Drone x4  
  50  5:27  Drone  
  55  5:35  Drone  
  56  5:36  Drone  
  56  5:38  Drone x3  
  56  5:40  Lair  
  60  5:51  Spore Crawler  
  60  5:53  Drone  
  60  5:56  Drone x2  
  64  6:02  Overlord  
  64  6:03  Drone x2  
  64  6:04  Drone x2  
  66  6:08  Drone  
  67  6:11  Drone  
  67  6:12  Spore Crawler  
  67  6:13  Drone x2  
  67  6:15  Overlord  
  67  6:16  Overlord  
  68  6:20  Overlord x2  
  68  6:25  Drone x4  
  72  6:28  Extractor x2  
  72  6:30  Drone  
  71  6:40  Glial Reconstitution  
  71  6:42  Drone x3  
  71  6:43  Spire, Drone x3  
  71  6:45  Drone  
  77  6:51  Drone  
  77  6:53  Roach x3  
  81  7:02  Drone x2  
  81  7:03  Drone x2  
  81  7:04  Overlord  
  81  7:05  Roach x2  
  81  7:06  Overseer  
  88  7:10  Roach x2  
  92  7:19  Hatchery  
  92  7:21  Evolution Chamber  
  92  7:22  Roach  
  92  7:24  Overlord  
  92  7:27  Overlord  
  92  7:31  Roach x3  
  92  7:33  Overlord  
  98  7:37  Overlord  
  98  7:56  Mutalisk x3  
  98  7:57  Mutalisk x5  
  98  7:58  Roach x3  
  119  8:02  Roach x2  
  123  8:08  Roach x3  
  130  8:13  Roach x3  
  130  8:16  Zergling x6  
  130  8:18  Ravager  
  138  8:23  Zergling x10  
  143  8:28  Roach  
  143  8:31  Zerg Missile Weapons Level 1  
  145  8:34  Drone  
  145  8:35  Baneling Nest  
  145  8:36  Drone x4  
  145  8:37  Drone x2  
  151  8:42  Ravager  
  151  8:43  Overlord  
  151  8:44  Overlord x3  
  151  8:48  Overlord  
  152  9:02  Roach x9  
  160  9:11  Drone x5  
  160  9:12  Drone  
  161  9:17  Centrifical Hooks  
  161  9:19  Drone x4  
  161  9:21  Extractor, Roach  
  161  9:22  Roach x3  
  172  9:38  Drone x7  
  177  9:43  Zergling x16, Roach  
  189  9:47  Extractor  
  189  9:48  Overlord  
  189  9:50  Infestation Pit  
  189  9:52  Overlord  
  186  9:54  Ravager x5  
  191  10:01  Overlord x2  
  191  10:04  Baneling  
  191  10:05  Baneling x5  
  191  10:09  Baneling x3  
  191  10:10  Zergling x16  
  199  10:17  Spore Crawler  
  199  10:18  Extractor  
  199  10:20  Hatchery, Baneling x9  
  196  10:25  Spine Crawler, Zerg Melee Weapons Level 1  
  196  10:28  Zergling x10, Spine Crawler  
  199  10:31  Hive  
  199  10:37  Baneling x6  
  199  10:46  Baneling x8  
  199  10:54  Baneling x6  
  199  11:08  Overseer  
  199  11:10  Baneling  
  198  11:22  Zergling x20  
  197  11:49  Greater Spire  
  193  11:58  Zergling x18  
  198  12:10  Baneling x8  
  186  12:23  Corruptor x7  
  200  12:36  Corruptor x3  
  197  12:39  Drone x2  
  197  12:42  Extractor x2  
  197  12:45  Evolution Chamber  
  197  12:46  Spine Crawler  
  197  12:48  Spine Crawler  
  197  12:49  Spine Crawler, Drone x5  
  199  12:51  Zergling x4  
  196  13:04  Brood Lord  
  198  13:09  Spine Crawler  
  197  13:14  Brood Lord  
  197  13:16  Pathogen Glands  
  197  13:18  Brood Lord x2  
  197  13:19  Brood Lord  
  200  13:20  Brood Lord, Spine Crawler x3  
  200  13:21  Brood Lord  
  200  13:22  Brood Lord  
  199  13:27  Brood Lord  
  199  13:28  Brood Lord  
  200  13:42  Hatchery, Baneling x2  
  189  13:56  Zergling x18, Roach  
  189  14:00  Zergling x32, Roach  
  195  14:03  Roach x2  
  195  14:04  Zergling x6, Roach  
  194  14:10  Zergling x2, Roach  
  194  14:11  Zergling x6  
Tags
 
Add a new tag
Caveats
  • Supply blocks, unpowered buildings, or Contaminate may cause inaccurate times.
  • Supply counts are checked every 10 seconds.